 Dungeon Crawl Stone Soup version 0.19.1-1-g22dce08 (webtiles) character file.

16 Haldmier the Ogre Mage (level 2, 0/24 HPs)
             Began as an Ogre Wizard on Jan 4, 2017.
             Succumbed to an adder's poison
             ... on level 2 of the Dungeon.
             The game lasted 00:06:39 (1777 turns).

Haldmier the Ogre Mage (Ogre Wizard)                Turns: 1777, Time: 00:06:40

Health: 0/24       AC:  3    Str:  8 (11) XL:     2   Next: 54%
Magic:  3/6        EV:  9    Int: 15 (17) God:
Gold:   58         SH:  0    Dex:  6 (8)  Spells: 3 memorised, 3 levels left

rFire  . . .     SeeInvis .     n - +0 club
rCold  . . .     Gourm    .     a - +0 robe
rNeg   . . .     Faith    .     (no shield)
rPois  .         Spirit   .     b - +0 hat
rElec  .         Reflect  .     (no cloak)
rCorr  .         Harm     .     (gloves unavailable)
MR     .....                    (boots unavailable)
Stlth  +.........               (no amulet)
                                (no ring)
                                (no ring)

@: lethally poisoned (0 -> -8), very slightly contaminated, hasted, heavily
drained, very quick
A: unfitting armour, tough skin 1
a: no special abilities


You were on level 2 of the Dungeon.
You were very hungry.

You visited 1 branch of the dungeon, and saw 2 of its levels.

You collected 58 gold pieces.

Inventory:

Hand Weapons
 n - a +0 club (weapon)
Missiles
 f - 52 stones (quivered)
Armour
 a - a +0 robe (worn)
 b - a +0 hat (worn)
Scrolls
 i - a scroll of blinking {unknown}
 k - 2 scrolls of teleportation {unknown}
 l - a scroll of remove curse
 p - a scroll of identify {unknown}
Potions
 m - a potion of might {unknown}
Books
 c - a book of Minor Magic

   Spells                             Type                      Level
   a - Magic Dart                     Conjuration                  1
   b - Blink                          Translocation                2
   c - Call Imp                       Summoning                    2
   d - Repel Missiles                 Charms/Air                   2
   e - Slow                           Hexes                        2
   f - Conjure Flame                  Conjuration/Fire             3
   g - Mephitic Cloud                 Conjuration/Poison/Air       3
Comestibles
 d - a bread ration
 g - a slice of pizza
 o - a meat ration
 q - 5 fruits


   Skills:
 * Level 1.8(0.3) Maces & Flails
 - Level 1.7(0.2) Dodging
 - Level 1.4(0.0) Stealth
 - Level 3.6(1.9) Spellcasting
 + Level 1.3(0.0) Conjurations
 - Level 0.6(0.0) Summonings
 - Level 0.6(0.0) Translocations


You had 3 spell levels left.
You knew the following spells:

 Your Spells              Type           Power        Failure   Level  Hunger
a - Magic Dart            Conj           #...         28%         1    ##.....
b - Blink                 Tloc           N/A          38%         2    ###....
c - Call Imp              Summ           #.......     38%         2    ###....


Dungeon Overview and Level Annotations

Branches:
Dungeon (2/15)

Altars:


Innate Abilities, Weirdness & Mutations

You are too large for most types of armour.
You have tough skin. (AC +1)


Message History

Aiming: Magic Dart
Press: ? - help, Shift-Dir - straight line, f - adder
Aim: an adder (severely wounded)
You miscast Magic Dart.
You are very lightly contaminated with residual magic.
Nothing appears to happen.
The adder bites you.
* * * LOW HITPOINT WARNING * * *
The adder bites you.
* * * LOW HITPOINT WARNING * * *
You are more poisoned.
The adder poisons you!
You take 4 damage, and have 2/24 hp.
You now have 3/6 mp.
It was a potion of degeneration.
There was something very wrong with that liquid.
You feel weakened.
You feel dopey.
You feel clumsy.
* * * LOW HITPOINT WARNING * * *
You feel sick. The adder closely misses you.
You take 1 damage, and have 1/24 hp.
It was a potion of haste.
You feel yourself speed up.
You die...

#......... # #..
#...############.
##.##..##..........<.....
...............#########.
...............#### #
..................#
.#...####...<.#..###.#
... #.....#.## #.
#.@...#.#
#.##..####S...##.#
#.................#
#.##..######5###.#. ....
#.# # #### #.# #.# #.. ##


You could see an adder and a friendly crimson imp.

Vanquished Creatures
  A leopard gecko (D:1)
  A goblin (D:1)
  3 hobgoblins
  A frilled lizard (D:1)
  5 kobolds
  5 rats
16 creatures vanquished.

Notes
Turn   | Place    | Note
-------+----------+-------------------------------------------
     0 | D:1      | Haldmier the Ogre Wizard began the quest for the Orb.
     0 | D:1      | Reached XP level 1. HP: 16/16 MP: 5/5
   238 | D:1      | Reached skill level 1 in Conjurations
   542 | D:1      | Reached XP level 2. HP: 24/24 MP: 4/6
   610 | D:1      | Reached skill level 1 in Maces & Flails
  1113 | D:2      | Found a faded altar of an unknown god.
  1734 | D:2      | Learned a level 2 spell: Call Imp
  1737 | D:2      | Learned a level 2 spell: Blink
  1776 | D:2      | HP: 1/24 [poisoned by an adder]
  1777 | D:2      | Succumbed to an adder's poison

Skill      XL: |  1  2 |
---------------+-------+-----
Conjurations   | 1 |  1.3
Maces & Flails | 1 |  1.8
Dodging        | |  1.7
Stealth        | |  1.4
Spellcasting   | |  3.6
Summonings     | |  0.6
Translocations | |  0.6

Action                   || total
-------------------------++-------
Melee: Unarmed           ||     2
       Club              ||    35
Throw: Stone             ||     6
 Cast: Magic Dart        ||    47
       Call Imp          ||     2
  Use: Potion            ||     2
       Scroll            ||     1
  Eat: Chunk             ||     2
Armor: Robe              ||     5
Dodge: Dodged            ||    18
